 Dungeon Crawl Stone Soup version 0.22.1-2-g9c5b331383 (webtiles) character file.

250 Chr0nify the Covert (level 5, -10/38 HPs)
             Began as a Vampire Assassin on Nov 19, 2018.
             Was an Initiate of Dithmenos.
             Shot with an arrow by a centaur (14 damage)
             ... on level 4 of the Dungeon.
             The game lasted 00:18:10 (3769 turns).

Chr0nify the Covert (Vampire Assassin)              Turns: 3769, Time: 00:18:11

Health: -10/38     AC:  6    Str: 11    XL:     5   Next: 88%
Magic:  5/5        EV: 13    Int: 13    God:    Dithmenos [......]
Gold:   170        SH:  0    Dex: 16    Spells: 4/4 levels left

rFire    . . .     SeeInvis +   b - +0 blowgun
rCold    + . .     Gourm    .   (no shield)
rNeg     + + .     Faith    .   c - +0 robe
rPois    +         Spirit   .   s - +1 helmet
rElec    .         Reflect  .   d - +0 cloak
rCorr    .         Harm     .   (no gloves)
MR       .....                  j - +0 pair of boots
Stlth    +++++.....             (no amulet)
HPRegen  0.06/turn              (no ring)
MPRegen  0.09/turn              (no ring)

@: regenerating slowly
A: fangs 3, see invisible, unbreathing
a: Bat Form, Renounce Religion


You were on level 4 of the Dungeon.
You worshipped Dithmenos.
Dithmenos was noncommittal.
You were near bloodless.

You visited 1 branch of the dungeon, and saw 4 of its levels.

You collected 170 gold pieces.

Inventory:

Hand Weapons
 a - a +2 dagger
 b - a +0 blowgun (weapon)
 x - a +0 dagger of venom
Missiles
 e - 7 poisoned needles (quivered)
 f - 2 curare-tipped needles
Armour
 c - a +0 robe (worn)
 d - a +0 cloak (worn)
 j - a +0 pair of boots (worn)
 s - a +1 helmet (worn)
Jewellery
 w - an uncursed ring of magical power {unknown}
Scrolls
 i - 6 scrolls of remove curse
 k - 2 scrolls of magic mapping {unknown}
 l - 3 scrolls of amnesia
 n - 3 scrolls of teleportation {unknown}
 o - a scroll of immolation
 p - 2 scrolls of enchant armour {unknown}
 u - 2 scrolls of blinking {unknown}
Potions
 g - 15 potions of blood
 m - a potion of agility {unknown}
 r - a potion of cancellation {unknown}
 t - a potion of flight {unknown}
 v - a potion of berserk rage {unknown}
 z - a potion of might
 A - a potion of haste {unknown}
Comestibles
 h - a ration


   Skills:
 + Level 2.2 Fighting
 + Level 3.7 Short Blades
 + Level 1.8 Throwing
 + Level 2.4 Dodging
 + Level 8.9 Stealth


You had 4 spell levels left.
You didn't know any spells.
Your spell library was empty.

Dungeon Overview and Level Annotations

Branches:
Dungeon (4/15)
 Temple: D:4-7

Altars:
Cheibriados
Dithmenos
Fedhas
Hepliaklqana
Okawaru
Ru
Sif Muna
Xom
Yredelemnul

Shops:
D:4 [


Innate Abilities, Weirdness & Mutations

You heal slowly.
You have razor-sharp teeth.
You have supernaturally acute eyesight. (SInv)
You can survive without breathing.


Message History

The centaur is moderately wounded.
The centaur hits you with a long sword!
You feel almost devoid of blood!
You closely miss the centaur.
The centaur is moderately wounded.
The centaur hits you with a long sword!
* * * LOW HITPOINT WARNING * * *
The centaur unwields an uncursed long sword.
The centaur wields an uncursed shortbow.
The centaur shoots an arrow.
The arrow hits you.
* * * LOW HITPOINT WARNING * * *
You see here an arrow.
You don't know any spells.
Okay, then.
You don't know any spells.
Wield which item (- for none, * to show all)? (? for menu, Esc to quit)
Your +0 dagger of venom stops dripping with poison.
b - a +0 blowgun (weapon)
The centaur shoots an arrow.
The arrow hits you!
You die...

............#
#.........#
#.........# #.#
#.# ##.# #c.#
##.## ###@.#
#...## .. ####.###
... #....# ..#
##.##########.#
#..##.<..<....#
####.###.........#
#....# #.........#
#.#### #.........#


You could see a centaur.

Vanquished Creatures
  A bullfrog (D:4)
  A howler monkey (D:2)
  7 adders
  A worm (D:2)
  2 dart slugs (D:1)
  7 leopard geckos
  3 orcs
  8 bats
  2 giant cockroaches
  6 goblins
  6 hobgoblins
  4 jackals
  A ball python (D:1)
  A frilled lizard (D:3)
  12 kobolds
  13 rats
75 creatures vanquished.

Vanquished Creatures (others)
  A jackal (D:4)
1 creature vanquished.

Grand Total: 76 creatures vanquished

Notes
Turn   | Place    | Note
-------+----------+-------------------------------------------
     0 | D:1      | Chr0nify the Vampire Assassin began the quest for the Orb.
     0 | D:1      | Reached XP level 1. HP: 16/16 MP: 1/1
    41 | D:1      | Reached skill level 6 in Stealth
   221 | D:1      | Reached XP level 2. HP: 22/22 MP: 2/2
   360 | D:1      | Reached skill level 7 in Stealth
   618 | D:1      | Reached XP level 3. HP: 16/27 MP: 3/3
   924 | D:2      | Reached XP level 4. HP: 33/33 MP: 4/4
  1177 | D:2      | Found a deep blue altar of Sif Muna.
  1219 | D:2      | Found a sacrificial altar of Ru.
  1365 | D:2      | Found a shadowy altar of Dithmenos.
  1365 | D:2      | Found a shimmering altar of Xom.
  1366 | D:2      | Found an iron altar of Okawaru.
  1382 | D:2      | Became a worshipper of Dithmenos the Shadowed
  1609 | D:2      | Reached skill level 8 in Stealth
  1983 | D:2      | Found a hazy altar of Hepliaklqana.
  2178 | D:2      | Reached XP level 5. HP: 38/38 MP: 5/5
  2459 | D:3      | Found a snail-covered altar of Cheibriados.
  2459 | D:3      | Found a basalt altar of Yredelemnul.
  3019 | D:4      | Found Ytygh's Armour Shop.
  3041 | D:4      | Reached * piety under Dithmenos
  3049 | D:4      | Found a blossoming altar of Fedhas.
  3050 | D:4      | Noticed a centaur
  3063 | D:4      | HP: 1/38 [centaur/arrow (9)]
  3769 | D:4      | Shot with an arrow by a centaur

Skill      XL: |  1  2  3  4 |
---------------+-------------+-----
Stealth        | 6 7 8 |  8.9
Fighting       | 2 |  2.2
Short Blades   | 3 |  3.7
Dodging        | 2 |  2.4
Throwing       | |  1.8

Action                   |  1- 3 |  4- 6 || total
-------------------------+-------+-------++-------
Melee: Dagger            |    61 |   105 ||   166
       Bite              |     2 |     5 ||     7
 Fire: Blowgun           |     3 |     3 ||     6
 Abil: End Transformatio |       |     1 ||     1
       Bat Form          |       |     1 ||     1
  Use: Scroll            |       |     4 ||     4
       Potion            |       |     4 ||     4
 Stab: Sleeping          |    16 |    17 ||    33
       Distracted        |       |     1 ||     1
Armor: Robe              |    19 |    36 ||    55
Dodge: Dodged            |    26 |    78 ||   104
